 Dungeon Crawl Stone Soup version 0.30.1-11-g7821555f0a (webtiles) character file.

Game seed: 6040375932400087442

2373 Zalbag the Thaumaturge (level 9, -6/66 HPs)
             Began as a Djinni Fire Elementalist on Nov 1, 2023.
             Mangled by a gnoll sergeant
             ... wielding a +0 trident
              (16 damage)
             ... on level 6 of the Dungeon.
             The game lasted 00:16:07 (6040 turns).

Zalbag the Thaumaturge (Djinni Fire Elementalist)   Turns: 6040, Time: 00:16:08

Health: -6/66      AC:  3    Str:  7    XL:     9   Next: 73%
Gold:   261        EV: 13    Int: 21    God:
                   SH:  0    Dex: 14

rFire   + + .        y - +2 whip (freeze)
rCold   x . .        (no shield)
rNeg    . . .        a - +0 robe
rPois   ∞            (no helmet)
rElec   .            t - +0 cloak
rCorr   .            (no gloves)
SInv    .            (boots unavailable)
Will    ++...        (no amulet)
Stlth   ++           o - ring of willpower
HPRegen 0.31/turn    C - ring of willpower
MPRegen 0.00/turn

%: infuse magic (-7 HP)
@: flying
A: sickness immunity, fire resistance 2, cold vulnerability 1, float, innate
caster, HP casting, extra vitality 1
a: no special abilities


You were on level 6 of the Dungeon.
You visited 1 branch of the dungeon, and saw 6 of its levels.

You collected 261 gold pieces.

Inventory:

Hand Weapons
 e - a +0 short sword
 l - a +0 trident
 y - a +2 whip of freezing (weapon)
Missiles
 c - 12 poisoned darts (quivered)
Armour
 a - a +0 robe (worn)
 t - a +0 cloak (worn)
Jewellery
 o - a ring of willpower (left hand)
 C - a ring of willpower (right hand)
Wands
 r - a wand of light (7)
 v - a wand of mindburst (5)
Scrolls
 b - 2 scrolls of enchant armour
 d - a scroll of fear {unknown}
 g - a scroll of teleportation {unknown}
 h - 2 scrolls of noise
 i - a scroll of immolation {unknown}
 k - a scroll of torment
 n - a scroll of enchant weapon {unknown}
 s - a scroll of silence {unknown}
 w - a scroll of brand weapon {unknown}
 z - a scroll of poison {unknown}
 A - a scroll of vulnerability {unknown}
Potions
 f - 5 potions of curing
 j - a potion of invisibility
 m - a potion of mutation {unknown}
 p - a potion of cancellation
 q - a potion of ambrosia {unknown}
 u - a potion of might {unknown}
 x - 2 potions of attraction {unknown}
 B - 2 potions of flight {unknown}


   Skills:
 + Level 5.8 Fighting
 + Level 4.0 Dodging
 - Level 1.5 Stealth
 * Level 8.4 Spellcasting


You knew the following spells:

 Your Spells              Type           Power      Damage    Failure   Level
a - Foxfire               Conj/Fire      100%       2x1d9     1%          1
b - Scorch                Fire           88%        2d9       1%          2
c - Volatile Blastmotes   Fire/Tloc      88%        2d17      1%          3
d - Inner Flame           Hex/Fire       44%        N/A       1%          3
e - Flame Wave            Conj/Fire      44%        2d11      2%          4
f - Necrotise             Necr           100%       1d9       1%          1
g - Call Imp              Summ           88%        N/A       1%          2
h - Confusing Touch       Hex            44%        N/A       1%          3
i - Manifold Assault      Tloc           44%        N/A       2%          4
Your spell library was empty.

Dungeon Overview and Level Annotations

Branches:
Dungeon (6/15)
 Temple: D:4-7

Altars:
Ashenzari
Elyvilon
Xom

Shops:
D:4 :*

Annotations:
D:4 3 runed translucent doors, foxicus's ghost, amateur HOFi


Innate Abilities, Weirdness & Mutations

You are immune to sickness and miasma.
You are immune to poison.
Your flesh is very heat resistant. (rF++)
You are vulnerable to cold. (rC-)
You float through the air rather than walking.
You learn spells naturally, not from books.
Your magical power is your life essence.
You have superior vitality. (+4 MHP)


Message History

Confirm with . or Enter, or press ? or * to list all spells.
Aiming: Necrotise (safe; 1% risk of failure)
Press: ? - help, Shift-Dir - straight line, f - iguana
Aim: an iguana (severely wounded, slow, more vulnerable to fire, chance to affect: 88%)
The iguana writhes in agony.
The iguana bites you!
The gnoll sergeant hits you from afar with a +0 trident.
Unknown command.
Casting: Necrotise (safe; 1% risk of failure)
Confirm with . or Enter, or press ? or * to list all spells.
Aiming: Necrotise (safe; 1% risk of failure)
Press: ? - help, Shift-Dir - straight line, f/p - iguana
Aim: an iguana (almost dead, slow, more vulnerable to fire, chance to affect: 88%)
The iguana writhes in agony.
You kill the iguana!
The dead are walking!
The gnoll sergeant hits you from afar with a +0 trident!
The scorpion stings your iguana skeleton.
The scorpion stings your iguana skeleton!
Your iguana skeleton misses the scorpion.
The scorpion stings your iguana skeleton.
Casting: Necrotise (safe; 1% risk of failure)
Confirm with . or Enter, or press ? or * to list all spells.
A cloud of volatile blastmotes flares up around you!
Something stings your iguana skeleton.
Your iguana skeleton barely misses the gnoll sergeant.
The gnoll sergeant hits you from afar with a +0 trident!
* * * LOW HITPOINT WARNING * * *
Something stings your iguana skeleton.
The cloud of blastmotes explodes!
The concussive blast engulfs the gnoll sergeant.
The gnoll sergeant is moderately wounded.
You hear a shout! x2
Casting: Volatile Blastmotes (safe; 1% risk of failure)
Confirm with . or Enter, or press ? or * to list all spells.
A tiny devil pulls itself out of the air.
* * * LOW HITPOINT WARNING * * *
The scorpion stings your iguana skeleton.
Your iguana skeleton is destroyed!
The gnoll sergeant hits you from afar with a +0 trident!
You die...

.# # ....# .# ...# #.#
.......# # ..#...# #..
......
##...#########.#.#.#.#
.....5.@.g............
......######s#<#.#.#.
#.... .......s.......
#... ......#.#.#.#.#
##. ............. +
..#.####.#.#.# . #.
!......! # #.# #.#.#
.## ##


You could see a gnoll sergeant (ally target), a scorpion and a friendly cerulean
imp (summoned).

Vanquished Creatures
  Pikel (D:4)
  Grinder (D:5)
  Sigmund (D:2)
  A wyvern (D:4)
  Eustachio (D:4)
  Edmund (D:5)
  2 lemures (D:4)
  A phantom (D:5)
  A kobold brigand (D:5)
  Blork the orc (D:5)
  3 scorpions
  A vampire bat (D:5)
  3 hounds (D:5)
  A jelly (D:5)
  An orc priest (D:5)
  2 iguanas
  A sleepcap (D:3)
  Crazy Yiuf (D:5)
  A gnoll bouda (D:5)
  Natasha (thrice) (D:2)
  3 orc wizards
  7 gnolls (D:5)
  8 adders
  A worm (D:3)
  3 dart slugs
  13 orcs
  5 ball pythons
  12 bats
  3 endoplasms
  7 giant cockroaches
  11 goblins
  5 hobgoblins
  12 jackals
  5 quokkas
  3 frilled lizards
  15 kobolds
  3 rats
144 creatures vanquished.

Vanquished Creatures (collateral kills)
  A hound (D:5)
  A gnoll (D:5)
  An adder (D:5)
  A quokka (D:5)
4 creatures vanquished.

Vanquished Creatures (others)
  118 foxfires
118 creatures vanquished.

Grand Total: 266 creatures vanquished

Notes
Turn   | Place    | Note
-------+----------+-------------------------------------------
     0 | D:1      | Zalbag the Djinni Fire Elementalist began the quest for the
                  | Orb.
     0 | D:1      | Zalbag set off with the following spells memorised:
                  | Foxfire, Scorch, Volatile Blastmotes, Inner Flame, Flame
                  | Wave.
     0 | D:1      | Reached XP level 1. HP: 15/15 MP: 0/0
   243 | D:1      | Reached XP level 2. HP: 19/21 MP: 0/0
   358 | D:1      | Reached skill level 3 in Spellcasting
   522 | D:1      | Reached XP level 3. HP: 23/25 MP: 0/0
   522 | D:1      | Learned a level 1 spell: Necrotise
   990 | D:2      | Noticed Natasha
   993 | D:2      | Killed Natasha
   994 | D:2      | Reached XP level 4. HP: 24/31 MP: 0/0
  1147 | D:2      | Noticed Sigmund
  1154 | D:2      | Killed Sigmund
  1155 | D:2      | Reached skill level 5 in Spellcasting
  1155 | D:2      | Reached XP level 5. HP: 21/35 MP: 0/0
  1155 | D:2      | Learned a level 2 spell: Call Imp
  1155 | D:2      | Reached XP level 6. HP: 24/40 MP: 0/0
  1397 | D:2      | Noticed Natasha
  1400 | D:2      | Killed Natasha
  1561 | D:2      | Noticed Natasha
  1566 | D:2      | Killed Natasha
  1894 | D:3      | Found a faded altar of an unknown god.
  1910 | D:3      | Found a shimmering altar of Xom.
  2069 | D:3      | Reached skill level 1 in Fighting
  2220 | D:3      | Reached XP level 7. HP: 30/47 MP: 0/0
  2220 | D:3      | Learned a level 3 spell: Confusing Touch
  2628 | D:3      | Found a broken altar of Ashenzari.
  2775 | D:4      | Found a white marble altar of Elyvilon.
  2919 | D:4      | Noticed foxicus's ghost (amateur HOFi)
  2959 | D:4      | Noticed a wyvern
  2968 | D:4      | Killed a wyvern
  2969 | D:4      | Reached skill level 6 in Spellcasting
  3050 | D:4      | Noticed Eustachio
  3059 | D:4      | Noticed Pikel
  3082 | D:4      | Found a runed translucent gate.
  3084 | D:5      | Entered Level 5 of the Dungeon
  3087 | D:4      | Found a runed translucent gate.
  3088 | D:4      | Found a runed translucent gate.
  3493 | D:4      | Found Plog's Tiny Tomes.
  3594 | D:4      | Found Pimpinomp's Elemental Accessories.
  3877 | D:4      | Killed Eustachio
  3878 | D:4      | Reached XP level 8. HP: 39/56 MP: 0/0
  3994 | D:4      | Killed Pikel
  3995 | D:4      | Reached skill level 7 in Spellcasting
  4600 | D:5      | Reached XP level 9. HP: 60/64 MP: 0/0
  4600 | D:5      | Learned a level 4 spell: Manifold Assault
  4733 | D:5      | Found a runed translucent door.
  4735 | D:5      | Noticed Crazy Yiuf
  4742 | D:5      | Killed Crazy Yiuf
  4812 | D:5      | Noticed Blork the orc
  4812 | D:5      | Noticed Edmund
  4815 | D:5      | Killed Blork the orc
  4819 | D:5      | Killed Edmund
  4820 | D:5      | Reached skill level 5 in Fighting
  4998 | D:4      | HP: 3/65 [scorpion (2)]
  4998 | D:4      | HP: 1/65 [scorpion (2)]
  5001 | D:4      | Reached skill level 8 in Spellcasting
  5218 | D:5      | Noticed Grinder
  5222 | D:5      | Killed Grinder
  6040 | D:6      | Mangled by a gnoll sergeant

Illustrated notes

Levels and vault maps discovered:
D:1:      lightli_arrival_quake, layout_loops_corners
D:2:      layout_basic, minmay_statues_item, uniq_natasha, uniq_sigmund
D:3:      layout_basic, nicolae_overflow_ecumenical_swirl,
          nicolae_ashenzari_skybound
D:4:      layout_loops_ring, overflow_temple_1_default, gammafunk_ghost_icy,
          nicolae_shop_i_like_small_books_too, glass_columns_b,
          nicolae_elemental_shop, hex_large, uniq_pikel, uniq_eustachio
D:5:      layout_basic, roderic_batcave, uniq_crazy_yiuf_cottage,
          uniq_blork_the_orc, uniq_grinder, uniq_edmund
D:6:      layout_basic, serial_shops, nicolae_shop_behind_doors, shop,
          nicolae_shop_rolling_square, st_stairs_9

Skill      XL: |  1  2  3  4  5  6  7  8  9 |
---------------+----------------------------+-----
Spellcasting   | 3 5 6 7 8 |  8.4
Fighting       | 1 3 4 5 |  5.8
Dodging        | 4 |  4.0
Stealth        | |  1.5

Action                     |  1- 3 |  4- 6 |  7- 9 || total
---------------------------+-------+-------+-------++-------
  Melee: Short sword       |    36 |    36 |     6 ||    78
         Punch             |     2 |     1 |     1 ||     4
         Whip              |       |       |    37 ||    37
  Throw: Dart              |       |    12 |    39 ||    51
   Cast: Foxfire           |    15 |    14 |    37 ||    66
         Scorch            |    10 |    22 |    97 ||   129
         Necrotise         |       |     4 |    15 ||    19
         Call Imp          |       |       |     5 ||     5
         Volatile Blastmot |       |       |     2 ||     2
         Manifold Assault  |       |       |     1 ||     1
    Use: Scroll            |       |       |     7 ||     7
         Potion            |       |       |     3 ||     3
   Stab: Sleeping          |     2 |     2 |     2 ||     6
 Armour: Robe              |     5 |     5 |    37 ||    47
  Dodge: Dodged            |    28 |    21 |    96 ||   145
